 Dungeon Crawl Stone Soup version 0.29.1-12-g30fa7ad0bf (webtiles) character file.

Game seed: 13834208237304070787

107 booth the Fighter (level 4, -1/48 HPs)
             Began as a Gnoll Wanderer on Jan 16, 2023.
             Was a Follower of Yredelemnul.
             Succumbed to Sigmund's poison
             ... on level 3 of the Dungeon.
             The game lasted 00:16:52 (2038 turns).

booth the Fighter (Gnoll Wanderer)                  Turns: 2038, Time: 00:16:52

Health: -1/48      AC:  4    Str: 17    XL:     4   Next: 85%
Magic:  8/8        EV: 11    Int: 14    God:    Yredelemnul [*.....]
Gold:   91         SH:  0    Dex: 11    Spells: 9/9 levels left

rFire   . . .      SeeInvis .   a - +5 hand axe
rCold   . . .      Faith    .   (no shield)
rNeg    . . .      Spirit   .   d - +0 leather armour
rPois   .          Reflect  .   (no helmet)
rElec   .          Harm     .   (no cloak)
rCorr   .          Rampage  .   h - +0 pair of gloves
Will    .....                   (no boots)
Stlth   +.........              l - amulet of regeneration
HPRegen 0.96/turn               e - +6 ring of intelligence
MPRegen 0.11/turn               (no ring)

@: lethally poisoned (-1 -> -3)
A: fangs 1, strong nose, distributed training
a: Renounce Religion, Recall Undead Harvest


You were on level 3 of the Dungeon.
You worshipped Yredelemnul.
Yredelemnul was noncommittal.
You visited 1 branch of the dungeon, and saw 3 of its levels.

You collected 151 gold pieces.
You spent 60 gold pieces at shops.

Inventory:

Hand Weapons
 a - a +5 hand axe (weapon)
 s - a +0 flail
Missiles
 r - 4 poisoned darts (quivered)
Armour
 d - a +0 leather armour (worn)
 h - a +0 pair of gloves (worn)
 o - a +0 ring mail
Jewellery
 e - a +6 ring of intelligence (left hand)
 l - an amulet of regeneration (around neck)
Scrolls
 b - a scroll of vulnerability
 c - a scroll of fog
 i - a scroll of amnesia {unknown}
 j - 3 scrolls of blinking
 m - 2 scrolls of identify
Potions
 f - a potion of degeneration {unknown}
 g - 2 potions of mutation
 k - 2 potions of curing
 n - a potion of flight {unknown}
 p - 2 potions of lignification
 q - a potion of resistance {unknown}
 t - a potion of heal wounds {unknown}


   Skills:
 + Level 10.5 Fighting
 + Level 1.3 Short Blades
 + Level 1.3 Long Blades
 + Level 4.7 Axes
 + Level 1.3 Maces & Flails
 + Level 1.3 Polearms
 + Level 1.3 Staves
 + Level 1.3 Ranged Weapons
 + Level 1.3 Throwing
 + Level 1.3 Armour
 + Level 1.3 Dodging
 + Level 1.3 Stealth
 + Level 1.3 Shields
 + Level 1.3 Unarmed Combat
 + Level 3.1 Spellcasting
 + Level 1.0 Conjurations
 + Level 1.0 Hexes
 + Level 1.0 Summonings
 + Level 1.0 Necromancy
 + Level 1.0 Translocations
 + Level 1.0 Transmutations
 + Level 1.0 Fire Magic
 + Level 1.0 Ice Magic
 + Level 1.0 Air Magic
 + Level 1.0 Earth Magic
 + Level 1.0 Poison Magic
 + Level 1.4 Invocations
 + Level 4.7 Evocations


You had 9 spell levels left.
You didn't know any spells.
Your spell library contained the following spells:

 Spells                   Type           Power      Damage    Failure   Level
 Gell's Gravitas          Tloc           5%         N/A       43%         3
 Lesser Beckoning         Tloc           5%         N/A       43%         3
 Teleport Other           Tloc           5%         N/A       43%         3


Dungeon Overview and Level Annotations

Branches:
Dungeon (3/15)

Altars:
Yredelemnul

Shops:
D:2 *[*[*

Annotations:
D:3 Sigmund


Innate Abilities, Weirdness & Mutations

You have very sharp teeth.
Your uncanny sense of smell can sniff out nearby items.
Your experience applies equally to all skills.


Message History

* * * LOW HITPOINT WARNING * * *
You feel extremely sick.
You hear some strange, mumbled words.
Something tries to affect you, but you resist.
You swap places.
* * * LOW HITPOINT WARNING * * *
You feel very sick.
A magic dart appears from out of thin air!
The magic dart hits your adder zombie.
Your scorpion zombie hits something.
You feel better. Something hits you but does no damage.
You are poisoned.
Your scorpion zombie closely misses something.
You feel better.
Your scorpion zombie hits something but does no damage.
Something hits you!
You are poisoned.
You feel very sick.
You feel sick. Something hits your scorpion zombie!
You feel sick.
You feel sick.
You feel sick.
Your adder zombie appears confused.
You feel sick.
Your adder zombie barely misses you.
You feel sick.
You feel sick.
You are no longer poisoned.
Your adder zombie barely misses your frilled lizard zombie.
Something hits you!
* * * LOW HITPOINT WARNING * * *
You are lethally poisoned!
* * * LOW HITPOINT WARNING * * *
You feel very sick.
Your adder zombie bites your frilled lizard zombie.
* * * LOW HITPOINT WARNING * * *
You feel very sick. Something hits your scorpion zombie.
* * * LOW HITPOINT WARNING * * *
You feel sick.
You die...
Your body rises from the dead as a mindless zombie.

*#.(...#*,,,#.#.#.#,#.#.#
#.....#*,,,+#.#.#.#.#.#.
#.....#*,,,*,#.#.#.#.#.#
#.....#****,*,#.#.#.#.#,
#.....# *****#.###Z###
#.....###### ###.# #....
#..........# #...# ####.
##..Z......###.###### #.
#Z..Z.@.......##...# ##
#######.#####.##.#.#
##.###...#..#.####
#..#.....#.......#
#..#.#......#....#
#######..#.............#
#........#)...###......#
#.##...#.##.#.....#.##.#
#.##.#.#....#.......##.#


You could see a friendly frilled lizard zombie, a friendly adder zombie
(confused) and a friendly scorpion zombie.

Vanquished Creatures
  4 gnolls (D:2)
  An adder (D:2)
  An ufetubus (D:2)
  A worm (D:2)
  A dart slug (D:3)
  An orc (D:3)
  5 endoplasms
  2 giant cockroaches (D:2)
  7 goblins (D:1)
  5 hobgoblins
  2 quokkas
  5 ball pythons
  A bat (D:1)
  4 frilled lizards
  2 kobolds
  6 rats
48 creatures vanquished.

Vanquished Creatures (others)
  A plant (D:3)
1 creature vanquished.

Grand Total: 49 creatures vanquished

Notes
Turn   | Place    | Note
-------+----------+-------------------------------------------
     0 | D:1      | Reached skill level 10 in Fighting
     0 | D:1      | booth the Gnoll Wanderer began the quest for the Orb.
     0 | D:1      | booth set off with the following items: a +3 hand axe, a
                  | scroll of vulnerability, a scroll of fog, a +0 leather
                  | armour.
     0 | D:1      | Reached XP level 1. HP: 29/29 MP: 4/4
    86 | D:1      | Reached XP level 2. HP: 35/36 MP: 5/5
   582 | D:1      | Reached XP level 3. HP: 40/42 MP: 7/7
   690 | D:2      | Reached skill level 1 in Invocations
   719 | D:2      | Found Eshricauf's Antique Armour Shoppe.
   761 | D:2      | Found Uginit's Antique Armour Shop.
  1016 | D:2      | Reached skill level 1 in Short Blades
  1016 | D:2      | Reached skill level 1 in Long Blades
  1016 | D:2      | Reached skill level 1 in Maces & Flails
  1016 | D:2      | Reached skill level 1 in Polearms
  1016 | D:2      | Reached skill level 1 in Staves
  1016 | D:2      | Reached skill level 1 in Ranged Weapons
  1016 | D:2      | Reached skill level 1 in Throwing
  1016 | D:2      | Reached skill level 1 in Armour
  1016 | D:2      | Reached skill level 1 in Dodging
  1016 | D:2      | Reached skill level 1 in Stealth
  1016 | D:2      | Reached skill level 1 in Shields
  1016 | D:2      | Reached skill level 1 in Unarmed Combat
  1059 | D:2      | Found Siots's Assorted Antiques.
  1098 | D:2      | Bought a scroll of identify for 60 gold pieces
  1201 | D:2      | Reached XP level 4. HP: 37/48 MP: 8/8
  1207 | D:2      | Reached skill level 1 in Conjurations
  1207 | D:2      | Reached skill level 1 in Hexes
  1207 | D:2      | Reached skill level 1 in Summonings
  1207 | D:2      | Reached skill level 1 in Necromancy
  1207 | D:2      | Reached skill level 1 in Translocations
  1207 | D:2      | Reached skill level 1 in Transmutations
  1207 | D:2      | Reached skill level 1 in Fire Magic
  1207 | D:2      | Reached skill level 1 in Ice Magic
  1207 | D:2      | Reached skill level 1 in Air Magic
  1207 | D:2      | Reached skill level 1 in Earth Magic
  1207 | D:2      | Reached skill level 1 in Poison Magic
  1321 | D:2      | Found Buptom's Assorted Antiques.
  1416 | D:2      | Found Fuggog's Assorted Antiques.
  1653 | D:3      | Found a faded altar of an unknown god.
  1819 | D:3      | Prayed at the altar of an unknown god.
  1819 | D:3      | Became a worshipper of Yredelemnul the Dark
  1819 | D:3      | Reached * piety under Yredelemnul
  2007 | D:3      | Noticed Sigmund
  2036 | D:3      | HP: 2/48 [poisoned by Sigmund]
  2038 | D:3      | Succumbed to Sigmund's poison

Illustrated notes

Levels and vault maps discovered:
D:1:      grunt_arrival_crossed_arrows, layout_basic, st_stairs_2
D:2:      layout_loops_ring, serial_shops, nicolae_shop_hallway_stairs,
          nicolae_shop_crystal, nicolae_shop_temple_entry_statues_fountains,
          nicolae_square_shop, nicolae_shop_crystal, grunt_decor_arrowhead,
          dk_noncrumbling_2, grunt_ministairs_4, minmay_pentomino_z2
D:3:      layout_basic, shapermc_ecumenical_altar_starsandcircs, corexii_shack,
          feat_on_display, uniq_sigmund

Skill      XL: |  1  2  3  4 |
---------------+-------------+-----
Fighting       | | 10.5
Invocations    | 1 |  1.4
Short Blades   | 1 |  1.3
Long Blades    | 1 |  1.3
Maces & Flails | 1 |  1.3
Polearms       | 1 |  1.3
Staves         | 1 |  1.3
Ranged Weapons | 1 |  1.3
Throwing       | 1 |  1.3
Armour         | 1 |  1.3
Dodging        | 1 |  1.3
Stealth        | 1 |  1.3
Shields        | 1 |  1.3
Unarmed Combat | 1 |  1.3
Spellcasting   | 3 |  3.1
Conjurations   | 1 |  1.0
Hexes          | 1 |  1.0
Summonings     | 1 |  1.0
Necromancy     | 1 |  1.0
Translocations | 1 |  1.0
Transmutations | 1 |  1.0
Fire Magic     | 1 |  1.0
Ice Magic      | 1 |  1.0
Air Magic      | 1 |  1.0
Earth Magic    | 1 |  1.0
Poison Magic   | 1 |  1.0
Axes           | |  4.7
Evocations     | |  4.7

Action                   |  1- 3 |  4- 6 || total
-------------------------+-------+-------++-------
Melee: Hand axe          |    71 |    32 ||   103
       Bite              |     2 |     3 ||     5
       Punch             |     2 |     1 ||     3
Throw: Dart              |     3 |       ||     3
  Use: Scroll            |     4 |     4 ||     8
       Potion            |       |     2 ||     2
Armor: Leather armour    |    13 |     6 ||    19
Dodge: Dodged            |    37 |    13 ||    50
